| TOP OF THE 1ST |
|
Milwaukee Brewers batting - Pitching for Washington Nationals : RHP Joey Gatto
|
|
Pitching: RHP Joey Gatto
|
|
|
Batting: RHB Kevin Thompson
|
0-0: Ball 1-0: Fly out, F3 (Popup, 3L, EV 75.6 MPH)
|
|
Batting: RHB Jorge Gutiérrez
|
0-0: Foul Ball, location: 3F 0-1: Ball 1-1: Swinging Strike 1-2: Foul Ball, location: 3F 1-2: Ball 2-2: Foul Ball, location: 7LSF 2-2: Strikes out swinging
|
|
Batting: LHB Billy Wood
|
0-0: Ball 1-0: Ball 2-0: Ball 3-0: Base on Balls
|
|
Batting: RHB Jim Smith
|
0-0: Foul Ball, location: 5F 0-1: Foul Ball, location: 9LSF 0-2: Foul Ball, location: 3DF 0-2: SINGLE (Groundball, 4MD, EV 96.9 MPH) Billy Wood to second Runner from 2nd tries for 3rd, SAFE, throw by CF made to third Jim Smith to second
|
|
Batting: LHB Christian Yelich
|
0-0: Called Strike 0-1: Swinging Strike 0-2: Strikes out swinging
|
| Top of the 1st over - 0 runs, 1 hit, 0 errors, 2 left on base; Milwaukee 0 - Washington 0 |
| BOTTOM OF THE 1ST |
|
Washington Nationals batting - Pitching for Milwaukee Brewers : RHP Daryl Scott
|
|
Pitching: RHP Daryl Scott
|
|
|
Batting: LHB David Dahl
|
0-0: Ball 1-0: Foul Ball, location: 5F 1-1: Ball 2-1: Foul Ball, location: 2F 2-2: Foul Ball, location: 2F 2-2: Ground out U3 (Groundball, 3, EV 87.5 MPH)
|
|
Batting: RHB Christian Walker
|
0-0: Ball 1-0: Swinging Strike 1-1: Ball 2-1: Foul Ball, location: 3F 2-2: Ball 3-2: Strikes out swinging
|
|
Batting: RHB Manny Machado
|
0-0: Swinging Strike 0-1: Ball 1-1: Ball 2-1: Ball 3-1: SINGLE (Groundball, 6MD, EV 94.4 MPH)
|
|
Batting: LHB Bryce Harper
|
0-0: Foul Ball, location: 23F 0-1: Foul Ball, location: 7LSF 0-2: Ball 1-2: Fly out, F7 (Flyball, 7, EV 93.8 MPH)
|
| Bottom of the 1st over - 0 runs, 1 hit, 0 errors, 1 left on base; Milwaukee 0 - Washington 0 |
| TOP OF THE 2ND |
|
Milwaukee Brewers batting - Pitching for Washington Nationals : RHP Joey Gatto
|
|
Batting: RHB Dave Thomas
|
0-0: Ball 1-0: Called Strike 1-1: Ball 2-1: Fly out, F8 (Flyball, 89D, EV 86.3 MPH)
|
|
Batting: LHB Reese McGuire
|
0-0: Ball 1-0: Called Strike 1-1: Swinging Strike 1-2: Ball 2-2: Strikes out swinging
|
|
Batting: RHB Steve Sanders
|
0-0: Called Strike 0-1: Called Strike 0-2: Ground out 4-3 (Groundball, 4MS, EV 91.3 MPH)
|
| Top of the 2nd over - 0 runs, 0 hits, 0 errors, 0 left on base; Milwaukee 0 - Washington 0 |
| BOTTOM OF THE 2ND |
|
Washington Nationals batting - Pitching for Milwaukee Brewers : RHP Daryl Scott
|
|
Batting: RHB Oscar Hernandez
|
0-0: Foul Ball, location: 9LMF 0-1: Ball 1-1: Foul Ball, location: 23FF 1-2: Strikes out looking
|
|
Batting: RHB Jeremy Austin
|
0-0: Called Strike 0-1: Ball 1-1: Ball 2-1: Swinging Strike 2-2: Ball 3-2: SINGLE (Line Drive, 78S, EV 104.4 MPH)
|
|
Batting: SHB Lucius Fox Jr.
|
0-0: Foul Ball, location: 2F 0-1: Fly out, F4 (Popup, 4D, EV 55.0 MPH)
|
|
Batting: RHB Mathies Reuter
|
0-0: Ball 1-0: Foul Ball, location: 9LMF 1-1: Ball 2-1: Ground out 4-3 (Groundball, 34, EV 101.3 MPH)
|
| Bottom of the 2nd over - 0 runs, 1 hit, 0 errors, 1 left on base; Milwaukee 0 - Washington 0 |
| TOP OF THE 3RD |
|
Milwaukee Brewers batting - Pitching for Washington Nationals : RHP Joey Gatto
|
|
Batting: RHB Christian Arroyo
|
0-0: Fly out, F8 (Flyball, 78D, EV 100.6 MPH)
|
|
Batting: RHB Kevin Thompson
|
0-0: Called Strike 0-1: Ball 1-1: Ground out 2-3 (Groundball, 2R, EV 68.8 MPH)
|
|
Batting: RHB Jorge Gutiérrez
|
0-0: Ground out 4-3 (Groundball, 4, EV 89.4 MPH)
|
| Top of the 3rd over - 0 runs, 0 hits, 0 errors, 0 left on base; Milwaukee 0 - Washington 0 |
| BOTTOM OF THE 3RD |
|
Washington Nationals batting - Pitching for Milwaukee Brewers : RHP Daryl Scott
|
|
Batting: RHB Miguel Sano
|
0-0: SOLO HOME RUN (Flyball, 9D, EV 98.8 MPH), Distance : 369 ft
|
|
Batting: LHB David Dahl
|
0-0: Ball 1-0: Swinging Strike 1-1: SINGLE (Line Drive, 9S, EV 89.4 MPH)
|
|
Batting: RHB Christian Walker
|
0-0: Swinging Strike 0-1: Called Strike 0-2: Ball 1-2: Ball 2-2: Ball 3-2: Base on Balls David Dahl to second
|
|
Batting: RHB Manny Machado
|
0-0: Fly out, F7 (Flyball, 7D, EV 106.9 MPH) Runner from 2nd tags up, SAFE at 3rd, no throw by LF
|
|
Batting: LHB Bryce Harper
|
0-0: Foul Ball, location: 2F 0-1: Foul Ball, location: 2F 0-2: Foul Ball, location: 2F 0-2: Ball 1-2: Fly out, F9 (Flyball, 9S, EV 76.3 MPH)
|
|
Batting: RHB Oscar Hernandez
|
0-0: Called Strike 0-1: Ball 1-1: Ball 2-1: Foul Ball, location: 2F 2-2: Strikes out swinging
|
| Bottom of the 3rd over - 1 run, 2 hits, 0 errors, 2 left on base; Milwaukee 0 - Washington 1 |
| TOP OF THE 4TH |
|
Milwaukee Brewers batting - Pitching for Washington Nationals : RHP Joey Gatto
|
|
Batting: LHB Billy Wood
|
0-0: Fly out, F8 (Line Drive, 8LM, EV 98.1 MPH)
|
|
Batting: RHB Jim Smith
|
0-0: Ball 1-0: Foul Ball, location: 3FF 1-1: Fly out, F8 (Flyball, 8LM, EV 91.3 MPH)
|
|
Batting: LHB Christian Yelich
|
0-0: Ball 1-0: SOLO HOME RUN (Flyball, 89XD, EV 110.0 MPH), Distance : 420 ft
|
|
Batting: RHB Dave Thomas
|
0-0: SINGLE (Groundball, 6M, EV 99.4 MPH) (infield hit)
|
|
Batting: LHB Reese McGuire
|
0-0: Called Strike Dave Thomas steals 2nd base 0-1: Ball 1-1: Swinging Strike 1-2: Foul Ball, location: 7LDF 1-2: Fly out, F5 (Popup, 5F, EV 54.4 MPH)
|
| Top of the 4th over - 1 run, 2 hits, 0 errors, 1 left on base; Milwaukee 1 - Washington 1 |
| BOTTOM OF THE 4TH |
|
Washington Nationals batting - Pitching for Milwaukee Brewers : RHP Daryl Scott
|
|
Batting: RHB Jeremy Austin
|
0-0: Called Strike 0-1: Called Strike 0-2: Foul Ball, location: 2F 0-2: Foul Ball, location: 5SF 0-2: Ball 1-2: Foul Ball, location: 25F 1-2: Ball 2-2: Strikes out looking
|
|
Batting: SHB Lucius Fox Jr.
|
0-0: Fly out, F8 (Flyball, 89XD, EV 94.4 MPH)
|
|
Batting: RHB Mathies Reuter
|
0-0: SINGLE (Groundball, 6MD, EV 93.8 MPH)
|
|
Batting: RHB Miguel Sano
|
0-0: Swinging Strike 0-1: SINGLE (Line Drive, 78S, EV 97.5 MPH) Mathies Reuter to second Runner from 2nd tries for 3rd, SAFE, throw by LF made to third
|
|
Batting: LHB David Dahl
|
0-0: Called Strike 0-1: Foul Ball, location: 5F 0-2: Ball 1-2: Foul Ball, location: 9LSFF 1-2: Ball 2-2: Strikes out swinging
|
| Bottom of the 4th over - 0 runs, 2 hits, 0 errors, 2 left on base; Milwaukee 1 - Washington 1 |
| TOP OF THE 5TH |
|
Milwaukee Brewers batting - Pitching for Washington Nationals : RHP Joey Gatto
|
|
Batting: RHB Steve Sanders
|
0-0: Called Strike 0-1: Ball 1-1: Fly out, F4 (Line Drive, 4M, EV 62.5 MPH)
|
|
Batting: RHB Christian Arroyo
|
0-0: Ball 1-0: Ball 2-0: Swinging Strike 2-1: Ground out 4-3 (Groundball, 4, EV 87.5 MPH)
|
|
Batting: RHB Kevin Thompson
|
0-0: Called Strike 0-1: Ball 1-1: Called Strike 1-2: Foul Ball, location: 5F 1-2: Strikes out looking
|
| Top of the 5th over - 0 runs, 0 hits, 0 errors, 0 left on base; Milwaukee 1 - Washington 1 |
| BOTTOM OF THE 5TH |
|
Washington Nationals batting - Pitching for Milwaukee Brewers : RHP Daryl Scott
|
|
Batting: RHB Christian Walker
|
0-0: Foul Ball, location: 2F 0-1: Foul Ball, location: 25F 0-2: Fly out, F8 (Line Drive, 8LM, EV 106.3 MPH)
|
|
Batting: RHB Manny Machado
|
0-0: SINGLE (Groundball, 4, EV 105.6 MPH) (infield hit)
|
|
Batting: LHB Bryce Harper
|
0-0: Ball 1-0: Ball 2-0: Fly out, F9 (Flyball, 9S, EV 92.5 MPH)
|
|
Batting: RHB Oscar Hernandez
|
0-0: Ball 1-0: Ball 2-0: Ball 3-0: Called Strike 3-1: Ground out 4-3 (Groundball, 34, EV 83.1 MPH)
|
| Bottom of the 5th over - 0 runs, 1 hit, 0 errors, 1 left on base; Milwaukee 1 - Washington 1 |
| TOP OF THE 6TH |
|
Milwaukee Brewers batting - Pitching for Washington Nationals : RHP Joey Gatto
|
|
Batting: RHB Jorge Gutiérrez
|
0-0: Ball 1-0: Single, Error in OF, E7, batter to second base (Line Drive, 5D, EV 98.8 MPH)
|
|
Batting: LHB Billy Wood
|
0-0: DOUBLE (Line Drive, 7LM, EV 105.0 MPH) Jorge Gutiérrez scores
|
|
Batting: RHB Jim Smith
|
0-0: Ball 1-0: Foul Ball, location: 3FF 1-1: Called Strike 1-2: Ball 2-2: Ball 3-2: Fly out, F9 (Line Drive, 9, EV 92.5 MPH)
|
|
Batting: LHB Christian Yelich
|
0-0: Ball Wild Pitch! Billy Wood to third 1-0: Called Strike 1-1: Ground out 1-3 (Groundball, 13S, EV 75.6 MPH)
|
|
Batting: RHB Dave Thomas
|
0-0: Called Strike 0-1: Swinging Strike 0-2: Foul Ball, location: 7LMF 0-2: Ball 1-2: Foul Ball, location: 2F 1-2: Foul Ball, location: 2F 1-2: Ball 2-2: Foul Ball, location: 9LSF 2-2: Ball 3-2: SINGLE (Line Drive, 8LS, EV 97.5 MPH) Billy Wood scores
|
|
Batting: LHB Reese McGuire
|
0-0: Ball 1-0: Called Strike 1-1: Foul Ball, location: 2F 1-2: Fielders Choice at 2nd, 6-4 (Groundball, 6, EV 108.8 MPH)
|
| Top of the 6th over - 2 runs, 3 hits, 1 error, 1 left on base; Milwaukee 3 - Washington 1 |
| BOTTOM OF THE 6TH |
|
Washington Nationals batting - Pitching for Milwaukee Brewers : RHP Daryl Scott
|
|
Batting: RHB Jeremy Austin
|
0-0: Ball 1-0: Called Strike 1-1: Ball 2-1: Fly out, F9 (Line Drive, 9, EV 85.6 MPH)
|
|
Batting: SHB Lucius Fox Jr.
|
0-0: Called Strike 0-1: Foul Ball, location: 2F 0-2: Strikes out looking
|
|
Batting: RHB Mathies Reuter
|
0-0: Ball 1-0: Ball 2-0: Foul Ball, location: 2F 2-1: Called Strike 2-2: Strikes out swinging
|
| Bottom of the 6th over - 0 runs, 0 hits, 0 errors, 0 left on base; Milwaukee 3 - Washington 1 |
| TOP OF THE 7TH |
|
Milwaukee Brewers batting - Pitching for Washington Nationals : RHP Joey Gatto
|
|
Batting: RHB Steve Sanders
|
0-0: Ball 1-0: Called Strike 1-1: Fly out, F7 (Flyball, 78M, EV 92.5 MPH)
|
|
Batting: RHB Christian Arroyo
|
0-0: Called Strike 0-1: Foul Ball, location: 5DF 0-2: Ball 1-2: Foul Ball, location: 9LMF 1-2: Ground out U3 (Groundball, 3S, EV 81.3 MPH)
|
|
Batting: RHB Kevin Thompson
|
0-0: Foul Ball, location: 25FF 0-1: Foul Ball, location: 2F 0-2: Foul Ball, location: 9LMF 0-2: Ball 1-2: Ground out 6-3 (Groundball, 6MS, EV 84.4 MPH)
|
| Top of the 7th over - 0 runs, 0 hits, 0 errors, 0 left on base; Milwaukee 3 - Washington 1 |
| BOTTOM OF THE 7TH |
|
Washington Nationals batting - Pitching for Milwaukee Brewers : RHP Daryl Scott
|
|
Pitching: LHP Curt Wilkerson
|
|
|
Batting: RHB Miguel Sano
|
0-0: Called Strike 0-1: Called Strike 0-2: Strikes out swinging
|
|
Batting: LHB David Dahl
|
0-0: Foul Ball, location: 5FF 0-1: Foul Ball, location: 7LDF 0-2: Ball 1-2: Fly out, F9 (Flyball, 9, EV 82.5 MPH)
|
|
Batting: RHB Christian Walker
|
0-0: Foul Ball, location: 2RF 0-1: Foul Ball, location: 2F 0-2: Foul Ball, location: 5F 0-2: Ball 1-2: Ball 2-2: Ball 3-2: Strikes out swinging
|
| Bottom of the 7th over - 0 runs, 0 hits, 0 errors, 0 left on base; Milwaukee 3 - Washington 1 |
| TOP OF THE 8TH |
|
Milwaukee Brewers batting - Pitching for Washington Nationals : RHP Joey Gatto
|
|
Batting: RHB Jorge Gutiérrez
|
0-0: Swinging Strike 0-1: Foul Ball, location: 2F 0-2: Foul Ball, location: 9LMF 0-2: Foul Ball, location: 5F 0-2: Strikes out swinging
|
|
Pitching: LHP Jacob Lindgren
|
|
|
Batting: LHB Billy Wood
|
0-0: Ground out 5-3 (Groundball, 5, EV 101.3 MPH)
|
|
Batting: RHB Jim Smith
|
0-0: Called Strike 0-1: Called Strike 0-2: Strikes out looking
|
| Top of the 8th over - 0 runs, 0 hits, 0 errors, 0 left on base; Milwaukee 3 - Washington 1 |
| BOTTOM OF THE 8TH |
|
Washington Nationals batting - Pitching for Milwaukee Brewers : LHP Curt Wilkerson
|
|
Batting: RHB Manny Machado
|
0-0: Swinging Strike 0-1: Ball 1-1: Swinging Strike 1-2: Ground out 6-3 (Groundball, 6S, EV 86.9 MPH)
|
|
Pinch Hitting: RHB Aaron Judge
|
0-0: Called Strike 0-1: Ball 1-1: Called Strike 1-2: Foul Ball, location: 2F 1-2: Ball 2-2: SINGLE (Groundball, 4MD, EV 103.1 MPH) (infield hit)
|
|
Batting: RHB Oscar Hernandez
|
0-0: Foul Ball, location: 2F 0-1: Foul Ball, location: 9LDF 0-2: Strikes out looking
|
|
Batting: RHB Jeremy Austin
|
0-0: Ball 1-0: SINGLE (Groundball, 6MD, EV 98.8 MPH) Aaron Judge to second Runner from 2nd tries for 3rd, SAFE, throw by CF made at trailing runner, OUT! 8-3-4
|
| Bottom of the 8th over - 0 runs, 2 hits, 0 errors, 1 left on base; Milwaukee 3 - Washington 1 |
| TOP OF THE 9TH |
|
Milwaukee Brewers batting - Pitching for Washington Nationals : LHP Jacob Lindgren
|
|
Now in CF: David Dahl
|
|
|
Now in RF: Aaron Judge
|
|
|
Pinch Hitting: RHB Gavin Cecchini
|
0-0: Ball 1-0: Foul Ball, location: 2F 1-1: Swinging Strike 1-2: Ball 2-2: Ball 3-2: Strikes out looking
|
|
Pitching: RHP Dominic Bingham
|
|
|
Batting: RHB Dave Thomas
|
0-0: Foul Ball, location: 9LSF 0-1: Called Strike 0-2: Strikes out looking
|
|
Batting: LHB Reese McGuire
|
0-0: Called Strike 0-1: Called Strike 0-2: Strikes out swinging
|
| Top of the 9th over - 0 runs, 0 hits, 0 errors, 0 left on base; Milwaukee 3 - Washington 1 |
| BOTTOM OF THE 9TH |
|
Washington Nationals batting - Pitching for Milwaukee Brewers : LHP Curt Wilkerson
|
|
Pitching: LHP Ed Gaines
|
|
|
Now in LF: Lonnie Hoover
|
|
|
Batting: SHB Lucius Fox Jr.
|
0-0: Ball 1-0: Ground out 4-3 (Groundball, 4, EV 66.9 MPH)
|
|
Batting: RHB Mathies Reuter
|
0-0: Called Strike 0-1: Swinging Strike 0-2: Strikes out swinging
|
|
Batting: RHB Miguel Sano
|
0-0: Ball 1-0: Ball 2-0: Called Strike 2-1: Foul Ball, location: 2LF 2-2: Strikes out swinging
|
| Bottom of the 9th over - 0 runs, 0 hits, 0 errors, 0 left on base; Milwaukee 3 - Washington 1 |
|